[Event "Early-Titled-Tuesday-Blitz-August-29-2023"]
[Site "Chess.com"]
[Date "2023.08.29"]
[Round "3"]
[White "HansOnTwitch"]
[Black "Nathan_Filgueiras"]
[Result "1-0"]
[WhiteElo "2910"]
[BlackElo "2516"]
[TimeControl "180+1"]
[EndTime "8:29:21 PDT"]
[Termination "HansOnTwitch won by resignation"]

1. d4 Nf6 2. Nc3 d5 3. Bf4 c5 4.
e3 cxd4 5. exd4 a6 6. Nf3 Nc6 7. Ne5 e6 8. g4 Be7 9. g5 Nd7 10. Nf3 Nf8 11. h4 Ng6 12. Be3 Bd6 13. Qd2 Nge7 14.
Bd3 Bd7 15. a3 Rc8 16. Ne2 Qa5 17. c3 Qc7 18. h5 Na5 19. Qc2 Bb5 20. Bxb5+ axb5 21. Nh4 Qc4 22. b4 Nac6 23. Nf3 Nb8 24. Nd2 Qc7 25.
Qd3 Qd7 26. f4 Nf5 27. Bf2 Qc6 28. Nf1 Nd7 29. Ne3 Nxe3 30. Bxe3 Qc4 31. Qxc4 Rxc4 32.
Kd2 Nb6 33. Rhf1 g6 34. Rh1 Rf8 35. hxg6 hxg6 36. Kd3 Ke7 37. Rh7 Na4 38. Bd2 Rcc8 39. Rah1 Nb6 40. Ng1 Ra8 41. Bc1 Nc4 42. Nf3 Nxa3 43.
Nh4 Ke8 44. Re1 Nc4 45. f5 gxf5 46. g6 e5 47. dxe5 Nxe5+ 48. Kc2 Kd7 49. g7 Rg8 50. Nxf5 Rae8 51. Nh6 Rxg7 52. Rxg7 Ke6 53. Nxf7 1-0

[Event "Early-Titled-Tuesday-Blitz-August-29-2023"]
[Site "Chess.com"]
[Date "2023.08.29"]
[Round "3"]
[White "Fraler15"]
[Black "Herzog2012"]
[Result "1-0"]
[WhiteElo "2246"]
[BlackElo "2412"]
[TimeControl "180+1"]
[EndTime "8:29:21 PDT"]
[Termination "Fraler15 won on time"]

1. d4 Nf6 2. Nf3 e6 3. c4 b6 4. g3 Ba6 5. b3 Bb4+ 6. Bd2 Be7 7.
Nc3 O-O 8. e4 d5 9. Bd3 dxe4 10.
Nxe4 Bb7 11. Qe2 Nc6 12. Bc3 Bb4 13. Bxb4 Nxb4 14. Bb1 c5 15. dxc5 Nxe4 16. Bxe4 Bxe4 17. Qxe4 Nd3+ 18. Kf1 Nxc5 19. Qe3 Qc7 20. Rd1 Rfd8 21. Kg2 Qc6 22. h4 f6 23. Rhe1 e5 24. Kg1 Ne6 25. h5 h6 26. Kh2 Kf7 27. Kg1 a5 28. Kh2 a4 29. Kg1 axb3 30. axb3 Qc5 31. Qe2 Kg8 32. Qe4 Ra2 33. Rxd8+ Nxd8 34. Re2 Rxe2 35. Qxe2 Qc6 36. Qd3 Ne6 37. Nd2 Nd4 38. Ne4 f5 39. Nc3 Nf3+ 40. Kf1 Nd4 41. Kg1 1-0

[Event "Early-Titled-Tuesday-Blitz-August-29-2023"]
[Site "Chess.com"]
[Date "2023.08.29"]
[Round "3"]
[White "Fleetw00dMac"]
[Black "ChessArchitect64"]
[Result "1-0"]
[WhiteElo "2426"]
[BlackElo "2218"]
[TimeControl "180+1"]
[EndTime "8:29:21 PDT"]
[Termination "Fleetw00dMac won on time"]

1. d4 Nf6 2. c4 e6 3. Nc3 Bb4 4. Qc2 c5 5. dxc5 O-O 6. Nf3 Nc6 7. g3 Bxc5 8. Bg2 d5 9. cxd5 Nxd5 10. O-O Nxc3 11. Qxc3 Bb6 12. Bg5 f6 13. Rfd1 Qe8 14.
Be3 Bxe3 15. Qxe3 e5 16. Nd2 Be6 17. Nb3 Rb8 18. Nc5 Bf7 19. Nd7 Nd4 20. Nxb8 Qxb8 21. Rd2 Rc8 22. Qe4 Rc7 23. e3 Bg6 24. Qd5+ Bf7 25.
Qa5 b6 26. Qa4 Ne6 27. b4 Qc8 28. Rad1 h5 29. h4 Rc1 30. Qxa7 Qc3 31. Qd7 Nd4 32. exd4 Qxd2 33. Rxc1 Qxc1+ 34. Kh2 exd4 35. Qxd4 Qc7 36. a4 Kh7 37. Qd2 g6 38. a5 bxa5 39. bxa5 Qa7 40. Be4 Kg7 41. Kg1 f5 42. Qc3+ Kg8 43. Bf3 Kh7 44. Qb4 Kg7 45. Qb6 Qa8 46. Bxa8 1-0

[Event "Early-Titled-Tuesday-Blitz-August-29-2023"]
[Site "Chess.com"]
[Date "2023.08.29"]
[Round "3"]
[White "MdChess1734"]
[Black "thedjoker98"]
[Result "1/2-1/2"]
[WhiteElo "2373"]
[BlackElo "2573"]
[TimeControl "180+1"]
[EndTime "8:29:23 PDT"]
[Termination "Game drawn - insufficient material"]

1. e4 e5 2. Nf3 Nc6 3. Bb5 g6 4. c3 d6 5. O-O Bg7 6. d4 Bd7 7. Re1 Nf6 8. Nbd2 O-O 9. Nc4 Nxd4 10.
Nxd4 exd4 11. Bxd7 Qxd7 12. cxd4 d5 13. Ne5 Qb5 14.
exd5 Nxd5 15. Qc2 Rad8 16. Bd2 c6 17. Bc3 Rfe8 18. Rad1 Nxc3 19. bxc3 c5 20. a4 Qa5 21. Qb3 Bxe5 22. dxe5 Rxd1 23. Rxd1 Qc7 24. f4 b6 25. Qd5 c4 26. Qd7 Qc5+ 27. Kh1 Re7 28. Qd8+ Kg7 29. Qd4 Rc7 30. h3 Qxd4 31. Rxd4 Rc5 32. Kg1 h6 33. Kf2 g5 34. g3 gxf4 35. gxf4 Kg6 36. Ke3 a6 37.
Rd6+ Kh5 38. Rxb6 Ra5 39. Rb4 Kh4 40. Rxc4 Kxh3 41. Kf3 h5 42. Rb4 h4 43. Rb1 Kh2 44. Kg4 Rxa4 45. Rb2+ Kg1 46. Kxh4 Rxf4+ 47. Kg3 Rf1 48.
Ra2 Rc1 49. Rxa6 Rxc3+ 50. Kf4 Rc7 51. Kf5 Kf2 52. Kf6 Ke3 53. Ra8 Ke4 54. Ra4+ Kd5 55. Ra5+ Ke4 56. Ra4+ Kf3 57. Rh4 Kg3 58. Rh7 Kf4 59.
Rh4+ Kg3 60. Rh7 Kf4 61. e6 fxe6 62. Rxc7 e5 63. Rc1 e4 64. Rf1+ Kg3 65. Ke5 e3 66. Kd4 e2 67. Rc1 Kf2 68. Kd3 e1=Q 69. Rxe1 Kxe1 1/2-1/2

[Event "Early-Titled-Tuesday-Blitz-August-29-2023"]
[Site "Chess.com"]
[Date "2023.08.29"]
[Round "3"]
[White "maciek_92"]
[Black "Defend1r"]
[Result "1-0"]
[WhiteElo "2722"]
[BlackElo "2525"]
[TimeControl "180+1"]
[EndTime "8:29:26 PDT"]
[Termination "maciek_92 won by checkmate"]

1. Nf3 Nf6 2. b3 b6 3. Bb2 c5 4. g3 Bb7 5. Bg2 e6 6. O-O Be7 7. e3 O-O 8. Qe2 Qc7 9. c4 d5 10.
d3 Nbd7 11. Nbd2 a5 12. a4 Rad8 13. Rfe1 Nb8 14. Ne5 dxc4 15. bxc4 Bxg2 16. Kxg2 Na6 17. f4 Nb4 18. Ndf3 Nd7 19. Nxd7 Qxd7 20. Red1 Qb7 21.
g4 Rd6 22. e4 Rfd8 23. Ra3 Bf8 24. Be5 R6d7 25. Ba1 Nc6 26. g5 h5 27. gxh6 g6 28. h7+ Kxh7 29. f5 exf5 30. exf5 Nd4 31. Bxd4 cxd4 32.
Rb3 Be7 33. Kf1 Bf6 34. Qg2 Kg7 35. Rdb1 Qc6 36. Rxb6 Qxa4 37. fxg6 fxg6 38. Ne5 Bxe5 39. Qxg6+ Kf8 40. Kg2 Qc2+ 41. Kh1 Rf7 42. Qh6+ Bg7 43. Qh4 Re8 44. Rb8 Qe2 45. Rxe8+ Qxe8 46. Qg3 Qa8+ 47. Kg1 Qf3 48. Rb8+ Ke7 49. Qc7+ Kf6 50. Rb6+ Kg5 51. Qd8+ Kg4 52. Rg6+ Kf4 53. Qg5# 1-0

[Event "Early-Titled-Tuesday-Blitz-August-29-2023"]
[Site "Chess.com"]
[Date "2023.08.29"]
[Round "3"]
[White "chito89"]
[Black "betta2004"]
[Result "0-1"]
[WhiteElo "2840"]
[BlackElo "2528"]
[TimeControl "180+1"]
[EndTime "8:29:26 PDT"]
[Termination "betta2004 won by resignation"]

1. c4 g6 2. d4 Bg7 3. Nf3 c5 4.
d5 a6 5. a4 d6 6. e4 e5 7. a5 h6 8. Nc3 f5 9. Bd3 Nf6 10. Nh4 fxe4 11. Bc2 g5 12. Ng6 Rg8 13. Nxe4 Nxe4 14. Bxe4 Qf6 15. h4 Bf5 16. Bxf5 Qxf5 17.
Qh5 Kd8 18. hxg5 Qe4+ 19. Kf1 Qxc4+ 20. Kg1 Nd7 21. gxh6 Kc7 22. Ne7 Rh8 23. hxg7 Rxh5 24. Rxh5 Qg4 25. Rh8 Qxg7 26. Rxa8 Qxe7 27. Be3 Qh4 28. b3 Nf6 29. f3 Nxd5 30. Bf2 Qb4 31. Ra4 Qxb3 32. Rg4 Nf4 33. Kh2 Qc2 34. Be3 Qh7+ 35.
Kg1 Ne2+ 36. Kf2 Qc2 37. Rg7+ Kc6 38. Rb8 Nd4+ 39. Kg1 Nf5 40. Rbxb7 Nxe3 41. Rb6+ Kd5 42. Kh2 Qd1 43. Rg6 Nc4 44. Rxa6 Qd3 45. Rg7 Qf5 46. Ra8 Kd4 47. a6 Qf4+ 48. Kh1 Qc1+ 49.
Kh2 Qh6+ 50. Kg1 Qxg7 51. a7 Qb7 0-1

[Event "Early-Titled-Tuesday-Blitz-August-29-2023"]
[Site "Chess.com"]
[Date "2023.08.29"]
[Round "3"]
[White "le_poisson"]
[Black "MarcoRiehle"]
[Result "0-1"]
[WhiteElo "2334"]
[BlackElo "2820"]
[TimeControl "180+1"]
[EndTime "8:29:28 PDT"]
[Termination "MarcoRiehle won by checkmate"]

1. e4 e5 2. Nc3 Nf6 3. d4 exd4 4. Qxd4 Nc6 5. Qd3 d5 6. Bf4 dxe4 7. Qxd8+ Kxd8 8. O-O-O+ Bd6 9. Nb5 Ne8 10. Bc4 Be6 11.
Bxe6 fxe6 12. Nxd6 Nxd6 13. Bxd6 cxd6 14. Rxd6+ Ke7 15.
Rd2 Rhd8 16. Re2 Rd4 17. Nh3 Rc8 18. c3 Ra4 19. b3 Nd4 20. bxa4 Nxe2+ 21. Kd2 Nxc3 22.
Rc1 e3+ 23. Kxe3 Rc6 24. Nf4 Nxa4 25. Rb1 b6 26. Nd3 Nc3 27. Ra1 Nd5+ 28. Kd2 a5 29. a3 Kd6 30. h4 Rc4 31. g3 e5 32.
Re1 e4 33. Nb2 Rd4+ 34. Kc2 b5 35. Nd1 h5 36. Ne3 Nxe3+ 37. Rxe3 Kd5 38. Rb3 Kc5 39.
Rc3+ Rc4 40. Kd2 Rxc3 41. Kxc3 b4+ 42. axb4+ axb4+ 43. Kb3 Kb5 44. Kb2 Kc4 45. Kc2 b3+ 46. Kb2 Kb4 47. Kb1 Kc3 48. Kc1 b2+ 49. Kb1 Kb3 50. g4 hxg4 51. h5 g3 52. h6 gxf2 53. hxg7 f1=Q# 0-1

[Event "Early-Titled-Tuesday-Blitz-August-29-2023"]
[Site "Chess.com"]
[Date "2023.08.29"]
[Round "3"]
[White "stratacticos"]
[Black "tylityli"]
[Result "0-1"]
[WhiteElo "1827"]
[BlackElo "2346"]
[TimeControl "180+1"]
[EndTime "8:29:29 PDT"]
[Termination "tylityli won by checkmate"]

1. e4 e5 2. Nf3 Nc6 3. Bc4 Nf6 4.
Ng5 d5 5. exd5 Na5 6. Bb5+ c6 7. dxc6 bxc6 8. Be2 h6 9. Nh3 Bc5 10. O-O O-O 11.
Kh1 g5 12. Ng1 Bf5 13. d3 Nd5 14. Nc3 Nf4 15. Bxf4 gxf4 16. Bg4 Qg5 17. Bxf5 Qxf5 18. Ne4 Be7 19. Qf3 c5 20. Qh3 Qg6 21. Nf3 Nc6 22.
c3 f5 23. Ned2 Rad8 24. Nc4 Bf6 25. Rad1 Qg4 26. Qxh6 Rd7 27. h3 Qg7 28. Qxg7+ Kxg7 29. Rfe1 Rd5 30. g3 fxg3 31. fxg3 Rfd8 32. Ne3 Rxd3 33. Nxf5+ Kg6 34. N3h4+ Kg5 35. Rxd3 Rxd3 36. Rf1 e4 37. g4 Rd2 38. Ng2 Rxb2 39. Nfe3 Bxc3 40.
h4+ Kg6 41. h5+ Kg7 42. g5 Ne5 43. h6+ Kg6 44. Rf6+ Kh7 45. Re6 Nf3 46. Nf4 Rh2# 0-1

[Event "Early-Titled-Tuesday-Blitz-August-29-2023"]
[Site "Chess.com"]
[Date "2023.08.29"]
[Round "3"]
[White "santosalberto1987"]
[Black "mapleaff"]
[Result "1-0"]
[WhiteElo "2553"]
[BlackElo "2283"]
[TimeControl "180+1"]
[EndTime "8:29:30 PDT"]
[Termination "santosalberto1987 won on time"]

1. e4 c5 2. Nf3 e6 3. g3 Nc6 4. Bg2 Nf6 5. Qe2 Be7 6. O-O O-O 7. c3 d5 8. e5 Nd7 9. d4 cxd4 10.
cxd4 b6 11. Nc3 a5 12. Rd1 Ba6 13. Qe3 b5 14. h4 b4 15. Na4 Nb6 16. Nxb6 Qxb6 17.
Bd2 Rac8 18. h5 h6 19. g4 a4 20. b3 a3 21. Be1 Qd8 22. Rac1 Na7 23. Rxc8 Bxc8 24.
Bf1 Bd7 25. Bd3 Nb5 26. Bb1 f5 27. gxf5 exf5 28. Rc1 Be6 29. Bd3 Nc3 30. Bxc3 bxc3 31. Rxc3 Qe8 32. Qf4 Qxh5 33. Rc6 Kf7 34. Kf1 Qg4 35.
Qxg4 fxg4 36. Nd2 Rc8 37. Rxc8 Bxc8 38. Ke2 Bb4 39. Nf1 Bc3 40. Ke3 Bb2 41. b4 Bc1+ 42. Ke2 Bb2 43. Ke3 Bc1+ 44. Nd2 h5 45. Ke2 h4 46.
Nb3 Bb2 47. Kf1 h3 48. Kg1 1-0

[Event "Early-Titled-Tuesday-Blitz-August-29-2023"]
[Site "Chess.com"]
[Date "2023.08.29"]
[Round "3"]
[White "alturas_pacificas"]
[Black "BillCoe"]
[Result "0-1"]
[WhiteElo "2387"]
[BlackElo "2129"]
[TimeControl "180+1"]
[EndTime "8:29:30 PDT"]
[Termination "BillCoe won by checkmate"]

1. d4 d5 2. Bf4 e6 3. e3 Nf6 4.
Nd2 Bd6 5. Bg3 O-O 6. Ngf3 c5 7. c3 b6 8. Bd3 Ba6 9. Bxa6 Nxa6 10. Qe2 Nb8 11. e4 dxe4 12. Nxe4 Nxe4 13. Qxe4 Na6 14. Rd1 Qc7 15. O-O Bxg3 16. hxg3 cxd4 17. Rxd4 Nc5 18.
Qe5 Qxe5 19. Nxe5 Rad8 20. Rfd1 Rxd4 21. Rxd4 g6 22. Nd7 Rc8 23. Nxc5 Rxc5 24. Rd7 Ra5 25. a3 Kg7 26. Kf1 Kf6 27. Ke2 h5 28. c4 Ra4 29. Kd3 Ra5 30. Kc3 g5 31. f3 h4 32.
gxh4 gxh4 33. Rd4 Rg5 34. Rxh4 Rxg2 35. Rd4 Rg3 36. Rd3 Kf5 37. b4 f6 38. a4 Rg1 39.
a5 bxa5 40. bxa5 Rb1 41. Rd7 Rf1 42. Rxa7 Rxf3+ 43. Kb4 Rf1 44. a6 e5 45. Re7 e4 46.
a7 Ra1 47. c5 Kf4 48. c6 f5 49. Rb7 e3 50. c7 e2 51. c8=Q e1=Q+ 52. Kb3 Rb1+ 53. Ka4 Qd1+ 54. Ka5 Qd2+ 55. Ka6 Qa2# 0-1

[Event "Early-Titled-Tuesday-Blitz-August-29-2023"]
[Site "Chess.com"]
[Date "2023.08.29"]
[Round "3"]
[White "Oleksandr_Bortnyk"]
[Black "temiksmozg"]
[Result "1-0"]
[WhiteElo "3024"]
[BlackElo "2652"]
[TimeControl "180+1"]
[EndTime "8:29:31 PDT"]
[Termination "Oleksandr_Bortnyk won by resignation"]

1. e4 c5 2. c3 d5 3. exd5 Qxd5 4. d4 Nf6 5. Be3 e6 6. Nf3 cxd4 7. cxd4 Nc6 8. Nc3 Bb4 9. Bd3 O-O 10. O-O Qh5 11.
Ne4 Nxe4 12. Bxe4 Bd7 13. Ne5 Qxd1 14. Rfxd1 Rfd8 15. Nxd7 Rxd7 16. Bxc6 bxc6 17. Rac1 Rc8 18. Rc4 Bf8 19. Rdc1 Rdc7 20. b4 Bd6 21. g3 Kf8 22. a4 Ke7 23. Bd2 Kd7 24. Kf1 Rb8 25. Ke2 Rbc8 26. h4 h5 27. Kf3 g6 28. Bf4 Rb8 29. Bd2 Rbc8 30. Ke4 Rb8 31. R1c2 Rbc8 32. Bg5 Rb8 33. Bd2 Rbc8 34. Bf4 Rb8 35. b5 Rbc8 36.
Bxd6 Kxd6 37. bxc6 Rxc6 38. Rxc6+ Rxc6 39. Rxc6+ Kxc6 40. Ke5 Kd7 41. Kf6 Ke8 42. Kg7 Ke7 43. a5 a6 44. f3 Ke8 45. g4 Ke7 46. gxh5 gxh5 47. Kh6 Kf6 48. Kxh5 Kf5 49. Kh6 Kf4 50. Kg7 Kxf3 51.
Kxf7 Kg4 52. Kxe6 Kxh4 53. d5 1-0

[Event "Early-Titled-Tuesday-Blitz-August-29-2023"]
[Site "Chess.com"]
[Date "2023.08.29"]
[Round "3"]
[White "rochaaaaaaaaaa"]
[Black "LangesNasenhaar"]
[Result "0-1"]
[WhiteElo "2203"]
[BlackElo "2469"]
[TimeControl "180+1"]
[EndTime "8:29:31 PDT"]
[Termination "LangesNasenhaar won by resignation"]

1. e4 g6 2. d4 Bg7 3. Nc3 c6 4. f4 d5 5. e5 h5 6. h3 Nh6 7.
Nf3 Nf5 8. Bd3 Ng3 9. Rg1 h4 10. Be3 Bf5 11. Bf2 Bxd3 12. Qxd3 Nf5 13. e6 fxe6 14.
O-O-O Nd7 15. Ng5 Nf8 16. Na4 Qd6 17. Kb1 b6 18. Rde1 Bf6 19. Qa6 Bxg5 20. fxg5 Qc7 21.
c4 Rh5 22. Re5 Rxg5 23. Bxh4 Rh5 24. Bf2 Nd6 25. cxd5 exd5 26. Rge1 Rxe5 27. dxe5 Ne4 28. Bxb6 Qxe5 29. Ba5 Qd6 30. Qb7 Rb8 31. Qxa7 Nd7 32. Ka1 Kf7 33. Bc7 Ra8 34. Rf1+ Ke6 35. Qxa8 Qxc7 36. Qg8+ Kd6 37. Qxg6+ Ndf6 38. g4 Qa5 39. b3 Qb5 40. Rd1 Qe2 41. Nb2 Qg2 42. g5 Qxg5 43. Nc4+ Kc5 44. Qxg5 Nxg5 45. Ne5 Nge4 46. Rc1+ Kd6 47. Nxc6 Nh5 48. Nd4 e5 49. Nf5+ Ke6 50. Ne3 d4 51. Rc6+ Kd7 52. Rh6 dxe3 53. Rxh5 e2 0-1

[Event "Early-Titled-Tuesday-Blitz-August-29-2023"]
[Site "Chess.com"]
[Date "2023.08.29"]
[Round "3"]
[White "gm_rashid"]
[Black "Gyulamiryan-koryun"]
[Result "1-0"]
[WhiteElo "2373"]
[BlackElo "2055"]
[TimeControl "180+1"]
[EndTime "8:29:31 PDT"]
[Termination "gm_rashid won by checkmate"]

1. e4 c5 2. Nf3 e6 3. d4 cxd4 4. Nxd4 Nf6 5. Nc3 a6 6. f3 d6 7. Be3 Be7 8. g4 h6 9. Rg1 Qc7 10. Qd2 Nbd7 11. h4 Ne5 12. g5 hxg5 13. hxg5 Nfd7 14.
O-O-O b5 15. g6 Nxg6 16. Nxe6 fxe6 17. Rxg6 Ne5 18. Rxg7 Nxf3 19. Qg2 Ne5 20. Bg5 Bxg5+ 21. Qxg5 Nf7 22. Qf6 Rf8 23. Bxb5+ axb5 24. Nxb5 Qe7 25. Nxd6+ Qxd6 26. Rxd6 Bd7 27. Rxd7 Kxd7 28. Rxf7+ Rxf7 29. Qxf7+ Kd6 30. Qf4+ Kd7 31. e5 Rxa2 32. Qd4+ Ke7 33. Qb4+ Kf7 34. Qb7+ Kg6 35. Qd7 Ra6 36. b4 Rb6 37. b5 Kf5 38. Qc6 Rb8 39. b6 Rh8 40. Qf3+ Kxe5 41. Qc3+ Kd6 42. Qxh8 Kc6 43. b7 Kb6 44.
Qe5 Kxb7 45. Qxe6 Ka7 46. Qb3 Ka8 47. c4 Ka7 48. c5 Ka6 49. c6 Ka5 50. c7 Ka6 51.
c8=Q+ Ka5 52. Qa8# 1-0

[Event "Early-Titled-Tuesday-Blitz-August-29-2023"]
[Site "Chess.com"]
[Date "2023.08.29"]
[Round "3"]
[White "mishanick"]
[Black "valemava"]
[Result "1-0"]
[WhiteElo "3120"]
[BlackElo "2329"]
[TimeControl "180+1"]
[EndTime "8:29:32 PDT"]
[Termination "mishanick won by checkmate"]

1. d4 d5 2. c4 e6 3. Nc3 Nf6 4. cxd5 exd5 5. Bg5 Be7 6. e3 Nbd7 7. Bd3 h6 8. Bf4 c6 9. h3 Nf8 10. Nf3 Ne6 11.
Be5 Bd6 12. O-O Qc7 13. Qc2 Nd7 14. Bxd6 Qxd6 15. e4 dxe4 16. Nxe4 Qe7 17. Rfe1 O-O 18. Rad1 Nf6 19. Ng3 Qd6 20. Nf5 Qb4 21. a3 Qa5 22. Ne5 Nf4 23. Ne7+ Kh8 24. Bc4 N6d5 25. Bxd5 cxd5 26.
g3 Nxh3+ 27. Kg2 Ng5 28. f3 Bh3+ 29. Kh2 Be6 30. Nf5 Rac8 31. Qd3 Qa6 32. Qb1 Qa4 33. Rd2 Qb3 34. Kg2 Kg8 35. Ne7+ Kh8 36. Nxc8 Rxc8 37. Rc1 Rxc1 38. Qxc1 Qe3 39. Qc3 Qe1 40.
Rc2 Qd1 41. Qd3 Qxd3 42. Nxd3 Bh3+ 43. Kf2 Bf5 44. Rc3 Ne6 45. Ke3 Bxd3 46. Kxd3 g5 47. Rc8+ Kg7 48. Rb8 h5 49. Rxb7 h4 50. gxh4 gxh4 51.
Ke3 Ng5 52. Rxa7 h3 53. Rc7 h2 54. Rc1 Nh3 55. Rh1 Ng5 56. Rxh2 Ne6 57. a4 Kf6 58. a5 Nc7 59. a6 Nxa6 60. Rh6+ Kf5 61. Rxa6 f6 62. b4 Kg5 63. b5 f5 64. b6 f4+ 65. Kd3 Kf5 66. b7 Kg5 67. b8=Q Kh4 68. Qxf4+ Kh3 69. Rh6+ Kg2 70. Rh2+ Kf1 71. Qc1# 1-0

[Event "Early-Titled-Tuesday-Blitz-August-29-2023"]
[Site "Chess.com"]
[Date "2023.08.29"]
[Round "3"]
[White "Djager97"]
[Black "guillembaches"]
[Result "1/2-1/2"]
[WhiteElo "2603"]
[BlackElo "2431"]
[TimeControl "180+1"]
[EndTime "8:29:33 PDT"]
[Termination "Game drawn by repetition"]

1. e4 c5 2. Nf3 d6 3. d4 cxd4 4. Nxd4 Nf6 5. Nc3 Nc6 6. Bg5 e6 7. Bb5 Bd7 8. Qd3 Be7 9. O-O-O Nxd4 10. Qxd4 Bxb5 11. Nxb5 O-O 12. Nxd6 Qxd6 13. Qxd6 Bxd6 14. Rxd6 Nxe4 15. Bf4 Nxd6 16. Bxd6 Rfd8 17. Bf4 Rac8 18. c3 b5 19. a3 f6 20. Kc2 Kf7 21. Be3 a6 22. f4 Rd5 23. Re1 h5 24. g3 Rc4 25.
Bf2 e5 26. b3 Rc6 27. f5 e4 28. Rxe4 Rxf5 29. Re2 Rd5 30. Bg1 Re6 31. Rg2 a5 32. c4 bxc4 33. bxc4 Rf5 34. Rd2 Ke7 35. c5 Rfe5 36.
Kc3 Re1 37. Bf2 Ra1 38. Kb3 Rc1 39. Ka4 Rc3 40. Rb2 Kd7 41. Rb7+ Kc6 42. Rb6+ Kd5 43. Rb2 Re4+ 44. Kxa5 Rxa3+ 45. Kb6 Rc4 46. Rd2+ Ke6 47. c6 Rb3+ 48. Kc7 Rbc3 49. Rd6+ Ke7 50. Rd7+ Ke6 51.
Rd6+ Ke7 52. Rd7+ Ke6 53. Rd6+ 1/2-1/2

[Event "Early-Titled-Tuesday-Blitz-August-29-2023"]
[Site "Chess.com"]
[Date "2023.08.29"]
[Round "3"]
[White "AnujShrivatri21"]
[Black "reevecanada"]
[Result "1-0"]
[WhiteElo "2831"]
[BlackElo "2514"]
[TimeControl "180+1"]
[EndTime "8:29:35 PDT"]
[Termination "AnujShrivatri21 won by checkmate"]

1. e4 c5 2. Nf3 d6 3. d4 cxd4 4.
Nxd4 Nf6 5. Nc3 a6 6. Bg5 e6 7. f4 Be7 8. Qf3 Qc7 9. O-O-O Nbd7 10. g4 b5 11. a3 Bb7 12. Bxf6 Nxf6 13. g5 Nd7 14. h4 Rc8 15. f5 e5 16. Nb3 Nc5 17.
Nxc5 Qxc5 18. Rh2 h6 19. g6 fxg6 20. Qg4 g5 21. Kb1 h5 22. Qe2 g4 23. Nd5 Bf6 24. c3 Kd7 25. Qe1 Rhd8 26. Rhd2 Ke8 27. Rd3 Kf7 28. Be2 a5 29. R1d2 b4 30. axb4 axb4 31. cxb4 Qa7 32. Ra3 Qb8 33. b5 Rc5 34. Nc3 Rdc8 35.
Bd1 Qc7 36. Bb3+ Kf8 37. Bd5 Bxd5 38. Rxd5 Qd8 39. Rxc5 Rxc5 40. Ra7 Bxh4 41. Qd1 Be7 42. Nd5 Bg5 43. b6 Qc8 44. Rc7 Rxc7 45. bxc7 Ke8 46.
Qc2 h4 47. Nb6 h3 48. Nxc8 Be3 49. Nxd6+ Ke7 50. c8=Q Kf6 51. Qe6+ Kg5 52. Nf7+ Kf4 53. Qxe5+ Kf3 54. Qch2 Bf2 55. Qef4+ Ke2 56. Qhxf2+ Kd1 57. Q4d2# 1-0

[Event "Early-Titled-Tuesday-Blitz-August-29-2023"]
[Site "Chess.com"]
[Date "2023.08.29"]
[Round "3"]
[White "AndreiITrifan"]
[Black "IPAchess"]
[Result "0-1"]
[WhiteElo "2555"]
[BlackElo "2348"]
[TimeControl "180+1"]
[EndTime "8:29:36 PDT"]
[Termination "IPAchess won by checkmate"]

1. e4 e5 2. Nf3 Nc6 3. Bc4 Bc5 4.
d3 Nf6 5. a4 a5 6. Nbd2 O-O 7.
h3 d6 8. c3 Ba7 9. O-O Be6 10.
Re1 Ne7 11. Qb3 Bxc4 12. Nxc4 Ng6 13. g3 Qd7 14. Kg2 h6 15. Be3 Bxe3 16. Rxe3 Rfe8 17. Rd1 b6 18. Ree1 Qc6 19. Ne3 Nf8 20. Nd2 Ne6 21. Qc2 Nc5 22. b3 d5 23. exd5 Nxd5 24. Kg1 Rad8 25.
Nec4 Qf6 26. Ne4 Nxe4 27. dxe4 Ne7 28. Ne3 Qe6 29. Kg2 Rd6 30. Rxd6 cxd6 31. Rd1 Rc8 32. c4 g6 33. Qd3 Rc6 34. Nd5 Nc8 35. Qe3 Kg7 36.
f4 exf4 37. gxf4 f5 38. Qc3+ Kh7 39. exf5 Qxf5 40. Re1 Qxd5+ 41. Kg3 Qf7 42. h4 Rc7 43. Qd3 Ne7 44. h5 Nf5+ 45. Kh2 gxh5 46. Re3 Rc8 47. Rh3 Rg8 48. Qe4 Qf6 49. Rxh5 Qb2+ 50. Kh1 Qc1+ 51.
Kh2 Qd2+ 52. Kh3 Qc3+ 53. Kh2 Qg3+ 54. Kh1 Qg1# 0-1

[Event "Early-Titled-Tuesday-Blitz-August-29-2023"]
[Site "Chess.com"]
[Date "2023.08.29"]
[Round "3"]
[White "GianmarcoVaR"]
[Black "stasOR4ik"]
[Result "1/2-1/2"]
[WhiteElo "2744"]
[BlackElo "2490"]
[TimeControl "180+1"]
[EndTime "8:29:37 PDT"]
[Termination "Game drawn by stalemate"]

1. e4 c6 2. Nf3 d5 3. d3 dxe4 4. dxe4 Qxd1+ 5. Kxd1 Bg4 6. Be2 Nd7 7. Nfd2 Ngf6 8.
Bxg4 Nxg4 9. Ke2 e5 10. f3 Ngf6 11. Nb3 O-O-O 12. Be3 b6 13. a4 Kb7 14. N1d2 Bb4 15.
c3 Be7 16. Nc4 Ne8 17. Rhd1 f6 18. Rd2 Nc7 19. Rad1 Nb8 20. Rxd8 Rxd8 21. Rxd8 Bxd8 22. Nd6+ Ka8 23. g4 Be7 24. Nf5 Bf8 25. h4 Ne6 26. h5 Nd7 27. Kd2 Kb7 28. Kc2 a6 29. Nh4 c5 30. Nd2 b5 31. b3 Kc6 32. Ng2 Nb6 33.
axb5+ axb5 34. c4 bxc4 35. Nxc4 Nxc4 36. bxc4 Nd4+ 37. Bxd4 cxd4 38. Ne1 Bb4 39. Nd3 Bc3 40. Kb3 Kb6 41. Ka4 Kc6 42. Kb3 Kb6 43. Nc1 Kc5 44.
Ne2 Bd2 45. Ng3 g6 46. hxg6 hxg6 47. Nf1 Bf4 48. g5 fxg5 49. Kc2 Kxc4 50. Kd1 d3 51. Ke1 Kc3 52. Kd1 Kd4 53. Ke1 Kc4 54. Kd1 Kc3 55.
Ke1 Kc2 56. Kf2 d2 57. Nxd2 Bxd2 58. Kg3 Bf4+ 59. Kf2 Kd3 60. Kg2 Ke3 61. Kh3 Kxf3 1/2-1/2

[Event "Early-Titled-Tuesday-Blitz-August-29-2023"]
[Site "Chess.com"]
[Date "2023.08.29"]
[Round "3"]
[White "crazy_m_attack"]
[Black "Goffredo_Fofi"]
[Result "1-0"]
[WhiteElo "2340"]
[BlackElo "2551"]
[TimeControl "180+1"]
[EndTime "8:29:37 PDT"]
[Termination "crazy_m_attack won on time"]

1. e4 g6 2. d4 Bg7 3. Nc3 c6 4. Nf3 d5 5. Bd3 Bg4 6. e5 e6 7.
h3 Bxf3 8. Qxf3 c5 9. Nb5 Qe7 10.
Nd6+ Kf8 11. Bg5 Qc7 12. Bb5 Nc6 13. Bxc6 bxc6 14. Qa3 f6 15. exf6 Nxf6 16. Qxc5 Kg8 17. Bf4 Bf8 18. O-O Rd8 19. Nb5 Qxf4 20. Qxc6 Qf5 21.
Rae1 Ne4 22. f3 Ng3 23. Rf2 Qf7 24. Qxe6 Nf5 25. Qxf7+ Kxf7 26. g4 Nd6 27. Nc3 Bg7 28. Rd2 Nc4 29. Rdd1 Nxb2 30. Rd2 Nc4 31. Rdd1 Rd7 32.
Na4 Rb8 33. Nc5 Re7 34. c3 Rb2 35. Rxe7+ Kxe7 36. Re1+ Kf7 37. Nd3 Rd2 38. Nb4 Rxa2 39. Nxd5 Nd2 40. Re7+ Kf8 41. Rb7 Nxf3+ 42. Kf1 Bh6 43.
Rb8+ Kf7 44. Rb7+ Ke6 45. Nb4 Rb2 46. d5+ Kf6 47. d6 Be3 48. Nd5+ Kg5 49. Rxb2 Bc5 50. d7 1-0

[Event "Early-Titled-Tuesday-Blitz-August-29-2023"]
[Site "Chess.com"]
[Date "2023.08.29"]
[Round "3"]
[White "NasirAkylbekov"]
[Black "Frolyanov_D"]
[Result "0-1"]
[WhiteElo "2402"]
[BlackElo "2606"]
[TimeControl "180+1"]
[EndTime "8:29:38 PDT"]
[Termination "Frolyanov_D won by resignation"]

1. e4 e5 2. Nf3 Nf6 3. Nc3 Nc6 4.
d4 exd4 5. Nxd4 Bb4 6. Nxc6 bxc6 7. Bd3 d5 8. exd5 O-O 9. O-O cxd5 10. Bg5 c6 11. Qf3 Bd6 12. h3 Be5 13. Rae1 Re8 14. Re2 h6 15. Bf4 Bxf4 16. Qxf4 Be6 17. Rfe1 c5 18.
Bf5 d4 19. Nb5 Bxf5 20. Rxe8+ Nxe8 21. Qxf5 a6 22. Na3 Qa5 23. Re7 Nf6 24. Re5 Rb8 25.
Nc4 Qxa2 26. Rxc5 Qb1+ 27. Kh2 Qe1 28. Rc8+ Rxc8 29. Qxc8+ Kh7 30. Qf5+ Kg8 31. Qf4 Qd1 32. Ne5 Qxc2 33. Qxd4 Qc7 34. f4 a5 35. Qa4 Kh7 36. Qa2 Kg8 37. Qb3 g5 38. Qg3 Nh5 39. Qg4 Nxf4 40.
Nf3 Ne2+ 41. Kh1 Qc1+ 42. Kh2 Qc7+ 43. Kh1 Qc1+ 44. Kh2 Nf4 45. Qd7 Qxb2 46. Qd8+ Kg7 47. Qd4+ Qxd4 48. Nxd4 a4 49. Nf5+ Kf6 50. Nd6 a3 51.
Ne4+ Ke5 52. Nc3 Nd5 53. Na2 Kd4 54. Kg3 Kc4 55. Kg4 Nb4 56. Nc1 Nd3 57. Na2 Kb3 0-1

[Event "Early-Titled-Tuesday-Blitz-August-29-2023"]
[Site "Chess.com"]
[Date "2023.08.29"]
[Round "3"]
[White "DishonorOnYourCow"]
[Black "CFalcons8"]
[Result "0-1"]
[WhiteElo "2507"]
[BlackElo "2231"]
[TimeControl "180+1"]
[EndTime "8:29:38 PDT"]
[Termination "CFalcons8 won by resignation"]

1. d4 Nf6 2. c4 e6 3. Nf3 d5 4. Nc3 Be7 5. e3 dxc4 6. Bxc4 b6 7. O-O O-O 8. b3 Bb7 9. Bb2 Nbd7 10. Be2 c5 11. Qc2 cxd4 12. Nxd4 Rc8 13. Rad1 Qc7 14. Qb1 a6 15. Rc1 Qb8 16. Bd3 Nc5 17. Bc2 h6 18. Rfd1 Rfd8 19. b4 Ncd7 20. a3 Ne5 21.
Nce2 Nc4 22. Ng3 Nd5 23. Bb3 Nxb2 24. Qxb2 Bf6 25. Nge2 Rxc1 26. Rxc1 Rc8 27. Rxc8+ Qxc8 28. Qc2 Qxc2 29. Bxc2 a5 30. bxa5 bxa5 31. Nb3 Bd8 32. Nc5 Bc8 33. e4 Nb6 34. Nb3 Nc4 35. a4 Bd7 36.
Nc5 Bc6 37. Nd4 Be8 38. Nb7 Bb6 39. Ne2 Nb2 40. Nc3 Bc6 41. Nd6 Bd4 42. Ncb5 Bc5 43. e5 Kf8 44. Bb3 Ke7 45. Nc4 Nd3 46. Kf1 Bb4 47. Ke2 Nc1+ 48. Ke3 Nxb3 49. f3 Bxb5 50.
axb5 Nc5 51. Kd4 Nb7 52. b6 Bc5+ 53. Ke4 Kd7 54. f4 Kc6 55. f5 Bxb6 56. fxe6 fxe6 57. g4 Nc5+ 58. Kf4 a4 0-1